 Dungeon Crawl Stone Soup version 0.17.1-1-g73c8601 (webtiles) character file.

865 Killerpretzel the Destroyer (level 7, 0/36 HPs)
             Began as a Deep Elf Conjurer on Dec 16, 2015.
             Succumbed to a water moccasin's poison
             ... on level 5 of the Dungeon.
             The game lasted 00:32:52 (4091 turns).

Killerpretzel the Destroyer (Deep Elf Conjurer)     Turns: 4091, Time: 00:32:52

Health: 0/36       AC:  3    Str:  7    XL:     7   Next: 72%
Magic:  4/13       EV: 13    Int: 20    God:
Gold:   203        SH:  0    Dex: 15    Spells: 4 memorised, 0 levels left

rFire  . . .     SeeInvis .     t - +2 whip (pain)
rCold  . . .     Clarity  .     a - +1 robe
rNeg   . . .     SustAt   .     (no shield)
rPois  +         Gourm    .     (no helmet)
rElec  .         Spirit   .     (no cloak)
rCorr  .         Warding  .     (no gloves)
rMut   .         Stasis   .     (no boots)
MR     .....                    y - amulet of faith
Stlth  ++........               x - ring of poison resistance
                                d - ring of wizardry

@: lethally poisoned (0 -> -13), not resistant to hostile enchantments,
unstealthy
A: no striking features
a: no special abilities


You were on level 5 of the Dungeon.
You were very hungry.

You visited 1 branch of the dungeon, and saw 5 of its levels.

You collected 203 gold pieces.

Inventory:

Hand Weapons
 i - a +0 dagger
 n - a cursed -1 dagger
 p - a +0 blowgun
 q - a +0 dagger
 s - a +1 falchion of holy wrath
 t - a +2 whip of pain (weapon)
 w - a +0 dagger
Missiles
 e - 24 poisoned needles
 g - 127 stones (quivered)
 j - 3 exploding sling bullets
 k - 13 arrows of frost
 B - 5 arrows of flame
Armour
 a - a +1 robe (worn)
 l - a +0 robe
 m - a +0 robe
Jewellery
 d - a ring of wizardry (left hand)
 v - a +3 ring of strength
 x - a ring of poison resistance (right hand)
 y - an amulet of faith (around neck)
Wands
 h - a wand of digging (10)
 D - a wand of lightning (0)
Scrolls
 f - 3 scrolls of identify
Potions
 z - a potion of poison {unknown}
 A - a potion of agility {unknown}
Books
 b - a book of Conjurations

   Spells                             Type                      Level
   a - Magic Dart                     Conjuration                  1
   b - Searing Ray                    Conjuration                  2
   c - Dazzling Spray                 Conjuration/Hexes            3
   d - Fulminant Prism                Conjuration/Hexes            4
   e - Iskenderun's Mystic Blast      Conjuration                  4
   f - Iskenderun's Battlesphere      Conjuration/Charms           5
 u - a book of Flames

   Spells                             Type                      Level
   a - Flame Tongue                   Conjuration/Fire             1
   b - Throw Flame                    Conjuration/Fire             2
   c - Conjure Flame                  Conjuration/Fire             3
   d - Inner Flame                    Hexes/Fire                   3
   e - Sticky Flame                   Conjuration/Fire             4
   f - Fireball                       Conjuration/Fire             5
Comestibles
 c - 5 bread rations
 o - 3 meat rations
 r - a beef jerky


   Skills:
 - Level 2.4 Dodging
 - Level 2.4 Stealth
 - Level 3.0 Spellcasting
 + Level 9.9 Conjurations
 + Level 3.5 Fire Magic


You couldn't memorise any spells.
You knew the following spells:

 Your Spells              Type           Power        Failure   Level  Hunger
a - Magic Dart            Conj           ####         1%          1    None
b - Searing Ray           Conj           #####.       1%          2    ##.....
c - Fireball              Conj/Fire      ####......   12%         5    ######.
d - Fulminant Prism       Conj/Hex       ###.......   9%          4    ####...


Dungeon Overview and Level Annotations

Branches:
Dungeon (5/15)
 Temple: D:4-7

Altars:

Annotations:
D:2 Sigmund
D:3 exclusion: downstairs


Message History

You are more poisoned.
The water moccasin poisons you!
Drink which item? (? for menu, Esc to quit)
Okay, then.
Read which item? (? for menu, Esc to quit)
Okay, then.
Casting: Searing Ray
Confirm with . or Enter, or press ? or * to list all spells.
Aiming: Searing Ray
Press: ? - help, Shift-Dir - straight line, f/p - water moccasin
Aim: a water moccasin (severely wounded)
The searing ray hits the water moccasin.
You kill the water moccasin!
Your Fire Magic skill increases to level 3!
You are feeling very hungry.
* * * LOW HITPOINT WARNING * * *
You feel sick.
* * * LOW HITPOINT WARNING * * *
You feel sick.
You die...

#.....##...##......
#.....##... #..###.
#..........##..####
#...............#..
#.....##...##...#..
#.....##...##...+..
#.....##...##..##.#
#..........##..##+#
#.@.............
#...............
#..##.#..#.#####
##########.#


There were no monsters in sight!

Vanquished Creatures
  A water moccasin (D:5)
  2 ogres (D:4)
  A centaur (D:5)
  2 scorpions
  A gnoll shaman (D:4)
  An orc priest (D:5)
  A hound (D:4)
  2 iguanas
  An orc wizard (D:5)
  A worker ant (D:4)
  A hound skeleton (D:4)
  9 gnolls
  A shadow imp (D:5)
  4 adders
  3 worms
  An adder skeleton (D:4)
  3 giant geckos
  12 orcs
  6 bats
  6 giant cockroaches
  9 hobgoblins
  4 jackals
  A ball python (D:3)
  3 giant newts
  8 goblins
  5 kobolds
  2 rats
91 creatures vanquished.

Notes
Turn   | Place    | Note
--------------------------------------------------------------
     0 | D:1      | Killerpretzel the Deep Elf Conjurer began the quest for the Orb.
     0 | D:1      | Reached XP level 1. HP: 10/10 MP: 6/6
   136 | D:1      | Reached XP level 2. HP: 15/15 MP: 4/8
   250 | D:1      | Reached skill level 5 in Conjurations
   808 | D:2      | Reached XP level 3. HP: 16/19 MP: 6/9
  1054 | D:2      | Noticed Sigmund
  1276 | D:3      | Reached skill level 6 in Conjurations
  1389 | D:3      | Noticed a scorpion
  1395 | D:3      | Killed a scorpion
  1395 | D:3      | Reached XP level 4. HP: 21/24 MP: 3/10
  1595 | D:3      | Learned a level 2 spell: Searing Ray
  2078 | D:4      | Reached skill level 7 in Conjurations
  2078 | D:4      | Reached XP level 5. HP: 25/28 MP: 7/11
  2400 | D:4      | Reached skill level 8 in Conjurations
  2400 | D:4      | Reached XP level 6. HP: 19/32 MP: 7/12
  2474 | D:4      | Learned a level 5 spell: Fireball
  2503 | D:4      | Noticed an ogre
  2704 | D:4      | Reached skill level 1 in Fire Magic
  2706 | D:4      | Killed an ogre
  2903 | D:4      | Noticed an ogre
  2908 | D:4      | Killed an ogre
  2908 | D:4      | Reached XP level 7. HP: 36/36 MP: 6/13
  3445 | D:5      | Entered Level 5 of the Dungeon
  3546 | D:4      | Reached skill level 9 in Conjurations
  4051 | D:5      | Learned a level 4 spell: Fulminant Prism
  4090 | D:5      | HP: 1/36 [poisoned by a water moccasin]
  4091 | D:5      | Succumbed to a water moccasin's poison

Action                   |  1- 3 |  4- 6 |  7- 9 || total
-------------------------+-------+-------+-------++-------
Melee: Dagger            |     5 |       |       ||     5
Throw: Stone             |    11 |       |       ||    11
 Cast: Magic Dart        |    81 |    47 |    39 ||   167
       Searing Ray       |       |    12 |     7 ||    19
       Fireball          |       |       |     4 ||     4
Evoke: Wand              |       |       |     3 ||     3
  Use: Scroll            |     3 |     2 |     6 ||    11
       Potion            |     1 |     2 |     1 ||     4
  Eat: Chunk             |     1 |     5 |     4 ||    10
       Beef jerky        |       |       |     1 ||     1
